 Dungeon Crawl Stone Soup version 0.30.1-9-gdf580d7c3d (webtiles) character file.

Game seed: 12444748318028154277

277 BadtimePacifist the Poker (level 6, -2/52 HPs)
             Began as a Minotaur Gladiator on Oct 13, 2023.
             Was a Follower of Kikubaaqudgha.
             Slain by an iguana (6 damage)
             ... on level 4 of the Dungeon.
             The game lasted 00:10:22 (3671 turns).

BadtimePacifist the Poker (Minotaur Gladiator)      Turns: 3671, Time: 00:10:23

Health: -2/52      AC:  7    Str: 21    XL:     6   Next: 4%
Magic:  5/5        EV: 13    Int:  5    God:    Kikubaaqudgha [*.....]
Gold:   102        SH:  0    Dex: 11    Spells: 5/5 levels left

rFire   . . .        a - +0 trident
rCold   . . .        (no shield)
rNeg    + . .        b - +0 leather armour
rPois   .            c - +0 hat
rElec   .            (no cloak)
rCorr   .            (no gloves)
SInv    .            (no boots)
Will    .....        (no amulet)
Stlth   +            q - +4 ring of protection
HPRegen 0.28/turn    k - ring of positive energy
MPRegen 0.09/turn

%: no passive effects
@: no status effects
A: horns 2, retaliatory headbutt
a: Renounce Religion, Unearth Wretches


You were on level 4 of the Dungeon.
You worshipped Kikubaaqudgha.
Kikubaaqudgha was aware of your devotion.
You visited 1 branch of the dungeon, and saw 4 of its levels.

You collected 102 gold pieces.

Inventory:

Hand Weapons
 a - a +0 trident (weapon)
 o - the +5 sling of the Stoat {heavy, Fly Str+2 Dex+2}
   (You found it on level 2 of the Dungeon)

   Str:       It affects your strength (+2).
   Dex:       It affects your dexterity (+2).
   Fly:       It grants you flight.
Missiles
 d - 3 throwing nets (quivered)
 e - 7 javelins
 h - 11 poisoned darts
Armour
 b - a +0 leather armour (worn)
 c - a +0 hat (worn)
Jewellery
 k - a ring of positive energy (right hand)
 q - a +4 ring of protection (left hand)
Scrolls
 f - a scroll of torment {unknown}
 g - 5 scrolls of teleportation
 i - 3 scrolls of identify {unknown}
 r - 2 scrolls of noise {unknown}
 s - a scroll of vulnerability {unknown}
 t - a scroll of amnesia {unknown}
Potions
 j - a potion of heal wounds {unknown}
 l - 2 potions of lignification {unknown}
 m - a potion of berserk rage {unknown}
 n - a potion of magic {unknown}
 p - 2 potions of attraction
 u - a potion of curing {unknown}


   Skills:
 + Level 3.7 Fighting
 + Level 5.3 Polearms
 * Level 2.8 Throwing
 + Level 2.4 Armour
 * Level 4.4 Dodging
 * Level 1.3 Stealth


You had 5 spell levels left.
You didn't know any spells.
Your spell library contained the following spells:

 Spells                   Type           Power      Damage    Failure   Level
 Freeze                   Ice            0%         1d3       52%         1
 Necrotise                Necr           0%         1d4       52%         1
 Sandblast                Erth           0%         2d4       52%         1
 Cigotuvi's Dreadful Rot  Necr/Pois/Air  0%         N/A       67%         2
 Lesser Beckoning         Tloc           0%         N/A       67%         2
 Passwall                 Tmut/Erth      0%         N/A       67%         2
 Frozen Ramparts          Ice            0%         1d1       88%         3
 Gell's Gravitas          Tloc           0%         N/A       88%         3
 Hailstorm                Conj/Ice       0%         3d3       88%         3
 Stone Arrow              Conj/Erth      0%         3d7       88%         3
 Teleport Other           Tloc           0%         N/A       88%         3
 Vampiric Draining        Necr           0%         2d6       88%         3
 Animate Dead             Necr           0%         N/A       99%         4
 Dispersal                Tloc           0%         N/A       100%        6


Dungeon Overview and Level Annotations

Branches:
Dungeon (4/15)
 Temple: D:4-7

Altars:
Kikubaaqudgha
Qazlal

Annotations:
D:4 1 runed translucent door, danielguo94's ghost, amateur GrFi


Innate Abilities, Weirdness & Mutations

You have a pair of horns on your head.
You reflexively headbutt those who attack you in melee.


Message History

Why would you want to do that? Why would you want to do that?
Why would you want to do that? Why would you want to do that?
You closely miss the iguana. The iguana bites you!
You hit the iguana but do no damage. The iguana misses you.
You barely miss the iguana. The iguana closely misses you.
You barely miss the iguana. Your headbutt misses the iguana.
The iguana closely misses you.
You barely miss the iguana.
The iguana bites you but does no damage.
You hit the iguana.
The iguana is lightly wounded.
The iguana bites you!
You hit the iguana but do no damage.
The iguana is lightly wounded.
The iguana bites you!
You hit the iguana but do no damage.
The iguana is lightly wounded.
The iguana bites you!
You barely miss the iguana. Your headbutt misses the iguana.
The iguana is lightly wounded.
The iguana bites you.
* * * LOW HITPOINT WARNING * * *
You hit the iguana.
The iguana is lightly wounded.
The iguana bites you.
* * * LOW HITPOINT WARNING * * *
Unknown command.
q - a +4 ring of protection (left hand)
The iguana closely misses you. You furiously retaliate!
You headbutt the iguana!
k - a ring of positive energy (right hand)
The iguana attacks as you move away! The iguana bites you.
* * * LOW HITPOINT WARNING * * *
You hit the iguana.
The iguana is almost dead.
The iguana bites you.
You die...
Kikubaaqudgha rasps: "You have failed me!
Welcome... death!"

.......##
#.##
#.##.#
.......#
##.#
#.#.##
.......#
#.#####.
.......#
##.# .#
##.#####
#.###.#
##.#
##.#.# #.#
#...# #.#
##'##
#.#######
#..@#
##.......#
#."l#
.........#
#.≈.#
##†......#
#.≈.#
#.......#
#.≈.#
##.......#
#...#
.........#
#...#
.........#
##+##
.........#
..


You could see an iguana.

Vanquished Creatures
  A hound (D:4)
  A jelly (D:4)
  2 iguanas
  A sleepcap (D:4)
  5 adders
  2 worms (D:2)
  2 dart slugs
  An orc (D:4)
  6 ball pythons
  12 endoplasms
  5 giant cockroaches
  8 goblins
  10 hobgoblins
  4 jackals
  6 quokkas
  4 bats
  4 frilled lizards
  5 kobolds
  3 rats
82 creatures vanquished.

Notes
Turn   | Place    | Note
-------+----------+-------------------------------------------
     0 | D:1      | BadtimePacifist the Minotaur Gladiator began the quest for
                  | the Orb.
     0 | D:1      | Reached XP level 1. HP: 18/18 MP: 0/0
   162 | D:1      | Reached XP level 2. HP: 21/25 MP: 1/1
   170 | D:1      | Reached skill level 4 in Polearms
   351 | D:1      | Reached XP level 3. HP: 27/30 MP: 2/2
  1168 | D:2      | Reached skill level 1 in Armour
  1278 | D:2      | Reached XP level 4. HP: 21/38 MP: 3/3
  1409 | D:2      | Found an ancient bone altar of Kikubaaqudgha.
  1485 | D:2      | Became a worshipper of Kikubaaqudgha
  1572 | D:2      | Identified the +5 sling of the Stoat {heavy, Fly Str+2
                  | Dex+2}
  2108 | D:3      | Reached XP level 5. HP: 19/45 MP: 4/4
  2275 | D:3      | Reached skill level 5 in Polearms
  2355 | D:3      | Found a stormy altar of Qazlal.
  2850 | D:4      | Reached skill level 1 in Stealth
  3038 | D:4      | Found a runed translucent door.
  3039 | D:4      | Noticed danielguo94's ghost (amateur GrFi)
  3460 | D:4      | Reached * piety under Kikubaaqudgha
  3460 | D:4      | Received a gift from Kikubaaqudgha
  3461 | D:4      | Reached XP level 6. HP: 42/52 MP: 5/5
  3671 | D:4      | Slain by an iguana

Illustrated notes

Levels and vault maps discovered:
D:1:      amcnicky_arrival_gap_in_the_tavern_cellar, layout_loops_corners,
          minmay_misc_feat_room
D:2:      layout_basic, basic_altar, minmay_fractal_squares_gapless_5
D:3:      layout_loops_ring, mainiacjoe_overflow_chevrons
D:4:      layout_basic, hellmonk_ghost_happy_afterlife, grunt_decor_clamped

Skill      XL: |  1  2  3  4  5 |
---------------+----------------+-----
Polearms       | 4 5 |  5.3
Fighting       | 3 |  3.7
Armour         | 1 2 |  2.4
Dodging        | 4 |  4.4
Stealth        | 1 |  1.3
Throwing       | |  2.8

Action                     |  1- 3 |  4- 6 || total
---------------------------+-------+-------++-------
  Melee: Trident           |    86 |    91 ||   177
         Headbutt          |    19 |     9 ||    28
         Punch             |       |     2 ||     2
    Use: Scroll            |       |     1 ||     1
         Potion            |       |     1 ||     1
 Armour: Leather armour    |    28 |    19 ||    47
  Dodge: Dodged            |    69 |    63 ||   132
